[Event "FIDE Zonal 2.5 Open 2019"]
[Site "Montevideo"]
[Date "2019.04.16"]
[Round "5.27"]
[White "Barreto Filho, Carlos Alberto"]
[Black "Palacio, Enzo"]
[Result "1-0"]
[ECO "B23"]
[WhiteElo "2293"]
[BlackElo "1745"]
[Annotator "NA"]
[PlyCount "149"]
[EventDate "2019.04.13"]
[EventType "swiss"]
[EventCountry "URU"]
[SourceTitle "playchess.com"]
[Source "ChessBase"]
[SourceQuality "1"]
[TimeControl "40/5400+30:1800+30"]

1. e4 c5 2. Nc3 g6 3. f4 Bg7 4. Nf3 Nc6 5. Bb5 Qb6 6. Nd5 Qd8 7. Bxc6 bxc6 8. Ne3 Ba6 9. d3 e6 10. O-O Ne7 11. Rb1 O-O 12. b3 d5 13. e5 Rb8 14. c4 Nc8 15. Qe1 Ne7 16. Bd2 Qd7 17. Qh4 Nf5 18. Nxf5 exf5 19. Be3 d4 20. Bd2 Rbe8 21. Ng5 h6 22. Nf3 Qc7 23. Rbe1 Bc8 24. Re2 Rd8 25. Qe1 Rde8 26. Qc1 Be6 27. Qa3 Qb6 28. Ba5 Qa6 29. Bb4 Qxa3 30. Bxa3 Ra8 31. Bxc5 Rfd8 32. Nxd4 a5 33. Re3 Ra6 34. Nc2 g5 35. fxg5 hxg5 36. Be7 Rd7 37. Bxg5 a4 38. b4 a3 39. Rg3 Kf8 40. Bf6 Bxf6 41. exf6 Rd6 42. Rh3 Ke8 43. Rf4 Ra4 44. Re3 Kd7 45. c5 Rd5 46. d4 Kc7 47. Rxa3 Rxa3 48. Nxa3 Rd8 49. Nc2 Bxa2 50. h4 Bb1 51. Ne3 Rh8 52. Kf2 Rh6 53. Nxf5 Bxf5 54. Rxf5 Rxh4 55. Ke3 Rg4 56. Re5 Rxg2 57. Re7+ Kd8 58. Rxf7 Rg6 59. Ke4 Ke8 60. Re7+ Kf8 61. Kf5 Rg1 62. Rc7 Rb1 63. Ke6 Re1+ 64. Kd6 Rf1 65. Kxc6 Rxf6+ 66. Kd5 Ke8 67. b5 Kd8 68. Rh7 Rg6 69. c6 Kc8 70. b6 Rg5+ 71. Kc4 Rg8 72. d5 Kb8 73. Kc5 Ka8 74. Ra7+ Kb8 75. c7+ 1-0

[Event "FIDE Zonal 2.5 Open 2019"]
[Site "Montevideo"]
[Date "2019.04.16"]
[Round "6.18"]
[White "Pinero, Ismael"]
[Black "Adasme Fredes, Mauricio"]
[Result "0-1"]
[ECO "B48"]
[WhiteElo "1872"]
[BlackElo "2086"]
[Annotator "NA RC"]
[PlyCount "74"]
[EventDate "2019.04.13"]
[EventType "swiss"]
[EventCountry "URU"]
[SourceTitle "playchess.com"]
[Source "ChessBase"]
[SourceQuality "1"]
[TimeControl "40/5400+30:1800+30"]

1. e4 c5 2. Nf3 e6 3. d4 cxd4 4. Nxd4 Nc6 5. Nc3 Qc7 6. Be3 a6 7. Bd3 Nf6 8. O-O b5 9. Re1 {[%emt 0:00:16] B48: Sicilian: Taimanov: 5 Nc3 Qc7 6 Be3 a6 without Be2} Bb7 10. Nd5 ({White should try} 10. h3 $11) (10. Nxc6 Qxc6 11. Bd4 Be7 12. Qf3 d6 13. a3 O-O 14. Qg3 Rad8 15. Rad1 Nh5 16. Qf3 Nf6 {1-0 (44) Carlsen,M (2832)-Grischuk,A (2750) chess.com INT 2017}) 10... Nxd5 $146 ({Black should play Predecessor:} 10... exd5 $17 11. exd5 Ne7 (11... Ne5 12. Bf4 d6 13. c4 bxc4 14. Qa4+ Qd7 15. Qxc4 Bxd5 16. Qb4 Be6 17. Bxe5 dxe5 {0-1 (35) Reis,N (1919)-Smit,J (2094) Bad Homburg 2009})) 11. exd5 Nxd4 12. Bxd4 Bxd5 13. a4 b4 14. a5 Qc6 15. Qg4 h5 16. Qh3 (16. Qg5 $11) 16... Bc5 17. c3 Bxd4 18. cxd4 Qd6 19. Qe3 Kf8 20. Rac1 g6 21. Rc5 $1 Kg7 22. Rec1 h4 23. h3 $1 Rh5 24. f4 b3 25. R1c3 (25. Rf1 $17 {is a better defense.}) 25... Rb8 26. Qf2 {[%emt 0:09:42] [#]} Rb4 $1 27. Be2 $2 (27. Rc1) 27... Rf5 28. Qxh4 Qxf4 29. Qxf4 Rxf4 30. Bxa6 Rbxd4 31. Bd3 Ra4 32. a6 Ra2 33. Rc7 Rxb2 34. Bf1 Ra2 35. g3 Rxf1+ 36. Kxf1 b2 37. Rb7 Bxb7 0-1

[Event "FIDE Zonal 2.5 Open 2019"]
[Site "Montevideo"]
[Date "2019.04.16"]
[Round "6.19"]
[White "Belmes, Martin"]
[Black "Moccero, Eduardo"]
[Result "1-0"]
[ECO "B00"]
[WhiteElo "2081"]
[BlackElo "1939"]
[Annotator "NA RC"]
[PlyCount "177"]
[EventDate "2019.04.13"]
[EventType "swiss"]
[EventCountry "URU"]
[SourceTitle "playchess.com"]
[Source "ChessBase"]
[SourceQuality "1"]
[TimeControl "40/5400+30:1800+30"]

1. e4 Nc6 2. Nf3 d5 3. exd5 Qxd5 4. Nc3 (4. d4 e5 5. Nc3 Bb4 6. a3 Bxc3+ 7. bxc3 e4 8. Nd2 Nf6 9. Nc4 Bg4 10. Qd2 Bh5 11. Qg5 Qxg5 12. Bxg5 Nd5 13. Bd2 {0-1 (54) Leko,P (2723)-Bacrot,E (2718) Beijing 2014}) 4... Qf5 5. Nb5 Qd7 6. d4 {[%emt 0:00:32] B00: Queen's Fianchetto Defence, Nimzowitsch Defence} a6 7. Na3 $146 ({Predecessor:} 7. Nc3 e6 8. Ne4 Be7 9. Bf4 Nf6 10. Nxf6+ Bxf6 11. c3 Qd8 {½-½ (22) Pawlowicz,K (1592)-Wulf,A (1778) Binz 2014}) 7... Nf6 8. c3 e5 9. dxe5 Qxd1+ 10. Kxd1 Ng4 11. Ke1 Ngxe5 12. Nxe5 Nxe5 13. Nc2 Bd6 14. f3 O-O 15. Be3 Re8 16. Kf2 Bd7 17. Rd1 Rad8 18. Be2 h6 19. h3 Be6 20. b3 Ng6 21. Nd4 Bc8 22. Bd3 Bg3+ 23. Kxg3 Rxe3 24. Kf2 Rxd3 25. Rxd3 c5 26. Rhd1 cxd4 27. Rxd4 Rxd4 28. Rxd4 Be6 (28... Nf8 $11) 29. c4 (29. Rd8+ $14 Kh7 30. c4) 29... Ne5 $2 (29... Ne7 $11) 30. Rd8+ Kh7 31. Rb8 Nd3+ 32. Ke3 Nc1 33. Rxb7 Nxa2 34. Kd2 Kg6 35. c5 $2 (35. Rb6 $18 {has better winning chances.} a5 36. Ra6) 35... Kf5 36. c6 Ke5 {[%emt 0:02:15] [#]} 37. f4+ (37. c7 $1 $16 Kd6 {[#]} 38. c8=B $1 {[%mdl 576] Deflection} Bxc8 39. Rxf7) 37... Kd6 ({Not} 37... Kxf4 $2 38. Re7 $18) 38. f5 Bd5 39. Ra7 Bxc6 $2 {[%emt 0:02:00] [#]} (39... Nb4 $11 40. c7 Kd7) 40. Rxf7 ({White should try} 40. g4 $1 $16) 40... Bxg2 {[%emt 0:00:58] [#]} 41. Rxg7 (41. f6 $1 $16 gxf6 42. Rxf6+ Ke5 43. Rxa6) 41... Bxh3 42. f6 Ke6 $1 43. Ra7 Kxf6 44. Rxa6+ {[%emt 0:00:04] Double Attack} Be6 45. Rxa2 Bxb3 46. Rb2 Be6 47. Ke3 Bg4 48. Kf4 h5 49. Rb6+ Ke7 50. Ke5 Kd7 51. Rh6 Bf3 52. Rf6 Bg4 53. Rf4 Ke7 54. Rb4 Kd7 55. Kf6 Kd6 56. Rd4+ Kc5 57. Rd2 Kc6 58. Ke5 Kc7 59. Rd6 Bf3 60. Rf6 Bg4 61. Kd5 Be2 62. Rd6 Bf3+ 63. Kc5 Bg4 64. Rd3 Kb7 65. Re3 Kc7 66. Re7+ Kd8 67. Kd6 Kc8 68. Rf7 Be2 69. Rf2 Bg4 70. Rb2 Bf3 71. Rc2+ Kb7 72. Rc7+ Kb6 73. Rc3 Bg4 74. Rb3+ Ka5 75. Kc5 Ka4 76. Rb8 Bf3 77. Rb4+ Ka3 78. Kc4 Bg4 79. Kc3 Ka2 80. Rb5 Bf3 81. Rf5 Bg4 82. Rf1 Bd7 83. Rf2+ Kb1 84. Rb2+ Kc1 85. Rh2 Bg4 $2 (85... Bc6 $11) 86. Rh1+ Bd1 87. Kd3 h4 88. Kc3 h3 89. Kd3 1-0

[Event "FIDE Zonal 2.5 Open 2019"]
[Site "Montevideo"]
[Date "2019.04.16"]
[Round "6.21"]
[White "Campora, Edgardo"]
[Black "Lanzilotta, Marcelo"]
[Result "0-1"]
[ECO "B50"]
[WhiteElo "1705"]
[BlackElo "1972"]
[Annotator "NA RC"]
[PlyCount "126"]
[EventDate "2019.04.13"]
[EventType "swiss"]
[EventCountry "URU"]
[SourceTitle "playchess.com"]
[Source "ChessBase"]
[SourceQuality "1"]
[TimeControl "40/5400+30:1800+30"]

1. e4 c5 2. Nf3 d6 3. c3 Nf6 4. h3 Nc6 5. Bd3 {[%emt 0:00:07] LiveBook: 589 Games} d5 6. exd5 {[%emt 0:01:31] B50: Sicilian: 2...d6, Miscellaneous} (6. e5 Nd7 7. Qe2 e6 8. O-O Qc7 9. Bb5 a6 10. Bxc6 Qxc6 11. d4 Be7 12. Bg5 Bxg5 13. Nxg5 h6 14. Nf3 b6 15. Nbd2 {½-½ (29) Safarli,E (2676)-Kryakvin,D (2595) Hoogeveen 2018}) 6... Qxd5 7. Bc2 b6 $146 ({Predecessor:} 7... g6 8. O-O Bg7 9. d3 Bf5 10. Be3 e5 11. Qe2 O-O 12. Nbd2 Rad8 13. Nb3 b6 {0-1 (54) Sacharewicz,K (1833)-Swicarz,M (2331) Litomysl 2018}) 8. O-O Bb7 9. Qe2 e6 10. Na3 Bd6 11. Nc4 Bc7 12. Ne3 Qd6 13. Nc4 Qd5 14. Ne3 Qh5 15. Re1 O-O-O 16. Nf1 h6 17. Ng3 Qd5 18. Bb3 Qd6 19. Bc4 Kb8 20. Ba6 Ba8 (20... e5 $17 21. Bxb7 Kxb7) 21. a4 Nd5 22. d4 cxd4 23. Ne4 Nf4 24. Nxd6 (24. Qf1 $11 Qd5 25. a5) 24... Nxe2+ 25. Rxe2 Rxd6 ({Don't play} 25... Bxd6 26. Nxd4 Nxd4 27. cxd4 $15) 26. Bf4 Rd7 27. Bxc7+ Kxc7 28. Nxd4 Nxd4 29. cxd4 Rhd8 30. Rc2+ Kb8 31. Rac1 Bb7 32. Bxb7 Rxb7 33. Rd2 Rbd7 34. Rcd1 Rd5 35. f4 f6 36. Kf2 Kb7 37. b4 Rc8 38. Re1 Rd6 39. Rb1 (39. d5 $15) 39... Rc4 40. Ke3 Rc3+ 41. Rd3 Rc2 42. g4 Kc6 43. Rd2 (43. Ke4 $17 {was called for.}) 43... Rxd2 44. Kxd2 Rxd4+ 45. Ke3 Kd5 46. a5 Re4+ 47. Kf3 g5 48. fxg5 hxg5 49. axb6 axb6 50. b5 Rf4+ 51. Kg3 Kc5 (51... f5 $19 52. Rb2 Ke5 53. gxf5 exf5) 52. h4 {[%emt 0:00:34] [#]} f5 $1 53. gxf5 Rxh4 ({Weaker is} 53... exf5 54. hxg5 Rg4+ 55. Kf3 $17) 54. fxe6 Re4 55. Rc1+ (55. Rf1 $142 Kxb5 56. Rf6) 55... Kxb5 56. Rd1 Kc5 57. Rc1+ Kd6 58. Rb1 Kc6 59. Rc1+ Kb7 60. Rf1 Rxe6 61. Rf5 Rg6 62. Kg4 Ka6 $19 63. Kh5 Rg8 0-1

[Event "FIDE Zonal 2.5 Open 2019"]
[Site "Montevideo"]
[Date "2019.04.16"]
[Round "6.22"]
[White "Avedisian, Alexander"]
[Black "Manteiga, Franco"]
[Result "0-1"]
[ECO "A06"]
[WhiteElo "1898"]
[BlackElo "1684"]
[Annotator "NA RC"]
[PlyCount "68"]
[EventDate "2019.04.13"]
[EventType "swiss"]
[EventCountry "URU"]
[SourceTitle "playchess.com"]
[Source "ChessBase"]
[SourceQuality "1"]
[TimeControl "40/5400+30:1800+30"]

1. g3 d5 2. Nf3 Nf6 3. Bg2 Bf5 4. O-O e6 5. c4 c6 6. d3 dxc4 7. dxc4 Nbd7 {[%emt 0:00:04] A11: English Opening: 1...c6} (7... Qxd1 8. Rxd1 Bc2 9. Rf1 Nbd7 10. Nc3 Bb4 11. Bd2 a5 12. a3 Bxc3 13. Bxc3 a4 14. Rac1 Be4 15. Rfd1 {0-1 (86) Carlsen,M (2832)-Grischuk,A (2761) Paris 2017}) 8. Nc3 e5 9. Re1 Be7 10. e4 Be6 $146 ({Predecessor:} 10... Bg6 11. h3 Qc7 12. Qc2 O-O 13. Nh4 Nh5 14. Nf5 Nc5 15. Be3 b6 {1-0 (27) Kravec,P (2034)-Prielozny,E (1897) Slovakia 2016}) 11. Qe2 h6 12. h3 Qc7 {[%emt 0:02:25] [#]} 13. Be3 (13. Nd5 $1 $16 cxd5 14. cxd5) 13... O-O 14. Rac1 Rfd8 15. Red1 (15. Nd5 $5 cxd5 16. cxd5 $14) 15... Nc5 (15... Qa5 $11) 16. Nd5 $1 cxd5 17. cxd5 Bd7 18. b4 b6 19. bxc5 bxc5 20. Nd2 Ne8 21. Nb3 Ba4 22. Bxc5 (22. Qa6 $16 Bxb3 23. axb3) 22... Bxb3 $1 23. Bxe7 $2 (23. axb3 $11 {and White stays safe.} Bxc5 {[#]} 24. b4 $1 Bxf2+ 25. Qxf2) 23... Bxd1 24. Rxc7 Bxe2 25. Rc2 Rd7 26. Ba3 Bb5 27. Bb2 f6 28. f4 exf4 29. gxf4 Rc7 $19 30. Rf2 Rac8 31. Rf3 Rc2 32. Rb3 Bc4 33. Rb7 Bxa2 34. e5 Rxg2+ 0-1

[Event "FIDE Zonal 2.5 Open 2019"]
[Site "Montevideo"]
[Date "2019.04.16"]
[Round "6.24"]
[White "Pena Canapa, Alfredo"]
[Black "Ramirez Dominguez, Agustin"]
[Result "1-0"]
[ECO "E71"]
[WhiteElo "1811"]
[BlackElo "1907"]
[Annotator "NA RC"]
[PlyCount "103"]
[EventDate "2019.04.13"]
[EventType "swiss"]
[EventCountry "URU"]
[SourceTitle "playchess.com"]
[Source "ChessBase"]
[SourceQuality "1"]
[TimeControl "40/5400+30:1800+30"]

1. d4 Nf6 2. c4 g6 3. Nc3 Bg7 4. e4 d6 5. h3 O-O 6. Be3 e5 7. d5 c5 {[%emt 0:01:08] E71: King's Indian: 4 e4 d6 5 h3} (7... a5 8. g4 Na6 9. Nge2 Nd7 10. Qd2 Ndc5 11. Ng3 c6 12. Be2 cxd5 13. cxd5 a4 14. h4 Bd7 15. h5 Rc8 {0-1 (39) Caruana,F (2832)-Nakamura,H (2746) London 2018}) 8. Be2 Ne8 9. Nf3 f5 10. Qc2 $146 ({Predecessor:} 10. Qb3 f4 11. Bd2 Nd7 12. O-O-O a6 13. Rdg1 Ndf6 14. Bd3 Rf7 15. Ng5 {0-1 (38) Kabai,Z (1856)-Feher,L (1867) Budapest 2007}) 10... Nc7 11. Bd3 a6 12. a4 a5 13. O-O-O (13. exf5 $14 gxf5 14. Bg5) 13... Nba6 14. Qe2 Nb4 15. Bb1 fxe4 16. Bxe4 Bf5 17. Nd2 Qd7 18. b3 Bxe4 19. Ndxe4 Rad8 (19... Ne8 {was worth a try.} 20. Qg4 Rf5) 20. Qg4 Qf5 21. f3 Rf7 22. Rd2 h6 (22... Rfd7 $16 23. Kb1 Ra8) 23. Qh4 g5 24. Qg3 Bf6 25. Nxf6+ Rxf6 26. Ne4 Rg6 27. Qg4 Qxg4 28. hxg4 Rf8 29. Ng3 Ne8 30. Nf5 Kh7 31. Rdd1 Ng7 32. Ne7 Re8 33. Nxg6 Kxg6 34. Kd2 Na6 (34... Re7 $142 35. Rh2 Ne8) 35. Rh3 Nc7 36. Rdh1 Rh8 37. Kd3 Nce8 38. Bd2 b6 39. g3 Nf6 40. Ke2 h5 41. gxh5+ Ngxh5 42. Ke1 Rh7 43. g4 Nf4 44. Bxf4 exf4 45. Rxh7 Nxh7 46. Kd2 Nf8 47. Kd3 Nh7 48. Re1 Nf8 49. Re8 Kf7 {[%emt 0:00:26] [#]} 50. Rb8 $18 (50. Rxf8+ $142 $1 Kxf8 51. Ke4 Kg7 52. Kf5 Kf7 53. Kxg5 Kg7 54. Kf5 Kf7 55. g5) 50... Nd7 51. Rb7 Ke8 52. Ke4 1-0

[Event "FIDE Zonal 2.5 Open 2019"]
[Site "Montevideo"]
[Date "2019.04.16"]
[Round "6.25"]
[White "Reolon, Victor"]
[Black "Romero, Robert"]
[Result "0-1"]
[ECO "D45"]
[WhiteElo "1659"]
[BlackElo "1599"]
[Annotator "NA RC"]
[PlyCount "76"]
[EventDate "2019.04.13"]
[EventType "swiss"]
[EventCountry "URU"]
[SourceTitle "playchess.com"]
[Source "ChessBase"]
[SourceQuality "1"]
[TimeControl "40/5400+30:1800+30"]

1. d4 Nf6 2. c4 e6 3. Nc3 d5 4. Nf3 c6 5. e3 Be7 6. a3 O-O 7. Bd3 dxc4 8. Bxc4 Nbd7 9. O-O Nb6 10. Bd3 Nbd5 11. e4 Nxc3 12. bxc3 c5 13. Qe2 b6 14. e5 Nd5 15. c4 Nc7 16. dxc5 Bxc5 17. Qe4 g6 18. Bh6 Re8 19. Rfd1 Rb8 20. Qg4 Qe7 21. Bg5 Qf8 22. Bf6 Be7 23. h4 Bxf6 24. exf6 e5 25. Qg5 e4 26. Qf4 exf3 27. Qxc7 Rb7 28. Qg3 fxg2 29. Qxg2 h5 30. Be4 Rc7 31. Rd3 Rxc4 32. Bd5 Rg4 33. Rg3 Qd6 34. Rd1 Qxf6 35. Bf3 Rxh4 36. Rg5 Bg4 37. Bc6 Bxd1 38. Bxe8 Bf3 0-1

[Event "FIDE Zonal 2.5 Open 2019"]
[Site "Montevideo"]
[Date "2019.04.16"]
[Round "6.26"]
[White "Fein, Jorge"]
[Black "Prieto Perez, Rodrigo"]
[Result "1/2-1/2"]
[ECO "A05"]
[WhiteElo "1648"]
[BlackElo "2037"]
[Annotator "NA RC"]
[PlyCount "75"]
[EventDate "2019.04.13"]
[EventType "swiss"]
[EventCountry "URU"]
[SourceTitle "playchess.com"]
[Source "ChessBase"]
[SourceQuality "1"]
[TimeControl "40/5400+30:1800+30"]

1. Nf3 Nf6 2. b3 d5 3. Bb2 g6 (3... e6 4. g3 b6 5. Bg2 Bb7 6. O-O Be7 7. c4 O-O 8. cxd5 Nxd5 9. d4 Nd7 10. a3 c5 11. Nbd2 Rc8 12. Re1 cxd4 13. Nxd4 Nc3 14. Bxc3 Bxg2 15. Kxg2 Rxc3 16. Ne4 Rc8 17. a4 Nc5 18. Nxc5 Bxc5 19. Nf3 Qe7 20. Qd3 Rfd8 21. Qa6 h6 {½-½ (21) Nakamura,H (2746)-Nepomniachtchi,I (2763) St Petersburg 2018}) 4. d3 Bg7 5. Nbd2 c5 6. g3 {[%emt 0:00:28] A06: Réti Opening:1 Nf3 d5} O-O 7. Bg2 Qc7 $146 ({Predecessor:} 7... Nc6 8. Ne5 Nxe5 9. Bxe5 b6 10. O-O Bb7 11. Qc1 {1-0 (26) Frosch,E (2197)-Perhinig,R (2229) Austria 2017}) 8. Be5 Qb6 9. Bb2 Nc6 10. O-O Ng4 11. Bxg7 Kxg7 12. Re1 c4 13. e3 cxd3 14. cxd3 e5 15. h3 Nf6 16. e4 d4 17. Nc4 Qc7 18. Rc1 Nd7 19. Ng5 (19. b4 $11) 19... Nc5 20. Qd2 a5 21. Nb2 (21. f4 $1 $15) 21... b6 22. Rc4 (22. f4 $15) 22... Ba6 23. Rcc1 Qe7 24. Nf3 Nb4 25. Bf1 Nxa2 26. Rb1 Nc3 27. Nc4 Nxb1 28. Rxb1 Bxc4 29. bxc4 Rab8 30. Nh2 h5 31. f4 exf4 32. Qxf4 a4 33. Qf2 f5 $19 34. Qxd4+ Kh7 35. e5 Rbd8 36. Qe3 Qd7 37. Rxb6 Nxd3 38. Rd6 1/2-1/2

[Event "FIDE Zonal 2.5 Open 2019"]
[Site "Montevideo"]
[Date "2019.04.16"]
[Round "6.27"]
[White "Lanaro, Emilio"]
[Black "Palacio, Enzo"]
[Result "1/2-1/2"]
[ECO "B34"]
[WhiteElo "1694"]
[BlackElo "1745"]
[Annotator "NA RC"]
[PlyCount "49"]
[EventDate "2019.04.13"]
[EventType "swiss"]
[EventCountry "URU"]
[SourceTitle "playchess.com"]
[Source "ChessBase"]
[SourceQuality "1"]
[TimeControl "40/5400+30:1800+30"]

1. e4 c5 2. Nf3 Nc6 3. d4 cxd4 4. Nxd4 Nf6 5. Nc3 e5 6. Ndb5 d6 7. Nd5 Nxd5 8. exd5 Nb8 9. c4 Be7 10. Be2 O-O 11. O-O a6 12. Nc3 f5 13. Bd2 Nd7 14. Rc1 Bg5 15. Bxg5 Qxg5 16. f4 exf4 17. Qd4 f3 18. Bxf3 Ne5 19. Be2 f4 20. Ne4 Qg6 21. Rc3 Bf5 22. Nd2 Bg4 23. Bxg4 Qxg4 24. Nf3 Rae8 25. Nxe5 1/2-1/2

[Event "FIDE Zonal 2.5 Open 2019"]
[Site "Montevideo"]
[Date "2019.04.17"]
[Round "7.3"]
[White "Rodriguez Vila, Andres"]
[Black "Cubas, Jose Fernando"]
[Result "1-0"]
[ECO "B23"]
[WhiteElo "2480"]
[BlackElo "2505"]
[Annotator "RC"]
[PlyCount "89"]
[EventDate "2019.04.13"]
[EventType "swiss"]
[EventCountry "URU"]
[SourceTitle "playchess.com"]
[Source "ChessBase"]
[SourceQuality "1"]
[TimeControl "40/5400+30:1800+30"]

1. e4 c5 2. Nc3 a6 3. Nf3 d6 4. g3 Nf6 5. Bg2 Nc6 6. d4 cxd4 7. Nxd4 Bd7 8. O-O e6 9. Be3 Be7 10. f4 O-O 11. Qe2 Qc7 12. a4 Rac8 13. f5 Nxd4 14. Bxd4 Qc4 15. Qd2 exf5 16. exf5 Bc6 17. Rf4 Nh5 18. Rg4 Bf6 19. Rd1 Rfe8 20. Qf2 Bxg2 21. Kxg2 Be5 22. Rh4 Nf6 23. Bxe5 Qc6+ 24. Qf3 Qxf3+ 25. Kxf3 Rxe5 26. Rf4 d5 27. g4 h6 28. Rb4 Rce8 29. Kf4 g5+ 30. fxg6 fxg6 31. Rxb7 g5+ 32. Kg3 Re3+ 33. Kg2 Nxg4 34. Nxd5 Re2+ 35. Kg3 h5 36. h3 Nh2 37. Nf6+ Kf8 38. Nh7+ Kg8 39. Nxg5 Rxc2 40. Rd6 Nf1+ 41. Kh4 Rc4+ 42. Kxh5 Ng3+ 43. Kg6 Rf4 44. Rg7+ Kf8 45. Nh7# 1-0

[Event "FIDE Zonal 2.5 Open 2019"]
[Site "Montevideo"]
[Date "2019.04.17"]
[Round "7.10"]
[White "Suarez, Pedro"]
[Black "Lopez Azambuja, Nicolas"]
[Result "0-1"]
[ECO "E15"]
[WhiteElo "2019"]
[BlackElo "2328"]
[Annotator "NA RC"]
[PlyCount "100"]
[EventDate "2019.04.13"]
[EventType "swiss"]
[EventCountry "URU"]
[SourceTitle "playchess.com"]
[Source "ChessBase"]
[SourceQuality "1"]
[TimeControl "40/5400+30:1800+30"]

1. d4 Nf6 2. c4 e6 3. Nf3 b6 4. g3 Ba6 5. b3 Bb4+ 6. Bd2 Be7 7. Bg2 O-O 8. O-O d5 9. Bf4 $146 {[%emt 0:10:11] E15: Queen's Indian: 4 g3 sidelines, 4 g3 Ba6 and 4 g3 Bb7 early deviations} ({You set blue moves yourself with the critical opening position annotation.:} 9. cxd5 exd5 10. Nc3 Re8 11. Qc2 c5 12. Rfd1 Nc6 13. Bg5 h6 14. Bxf6 Bxf6 15. e3 cxd4 16. Nxd4 Nxd4 17. exd4 Rc8 18. Qd2 Bb7 {½-½ (46) Bu,X (2705)-Matlakov,M (2694) Doha 2016}) 9... Nbd7 10. Nc3 Bb7 11. cxd5 Nxd5 12. Nxd5 exd5 13. h4 Nf6 14. Rc1 c5 15. Ne5 Re8 16. Qd3 Bd6 17. e3 a5 18. Qd1 Qe7 19. Nd3 Rac8 20. Bxd6 Qxd6 21. Nf4 Red8 22. Qe2 Ra8 23. Rfd1 Ba6 24. Qd2 c4 25. bxc4 Bxc4 26. e4 Qb4 27. e5 Ne8 28. Rb1 (28. Qxb4 $16 axb4 29. Nd3) 28... Qxd2 29. Rxd2 b5 30. a3 Nc7 31. Bh3 (31. Bf1 $11) 31... Ra6 ({Black should play} 31... Rdb8 $15) 32. Ng2 Rc6 33. Ne3 g6 34. f4 Rb8 35. Ng4 Ne8 36. Ne3 Nc7 37. Ng4 b4 38. axb4 (38. Nf6+ $11 Kg7 39. h5) 38... Rxb4 39. Rxb4 axb4 40. Nf6+ Kg7 41. Kf2 b3 42. Bc8 $2 (42. Nd7) 42... Rb6 43. Rb2 Rb8 44. Bd7 {[%emt 0:00:00] [#]} Ra8 $1 45. Ke3 Ra2 46. Rb1 Re2+ 47. Kf3 b2 48. Ba4 $19 Ne6 49. Bd1 Nxd4+ 50. Kg4 Rh2 0-1

[Event "FIDE Zonal 2.5 Open 2019"]
[Site "Montevideo"]
[Date "2019.04.17"]
[Round "7.17"]
[White "Viera, Emilio"]
[Black "Curia, Santiago Jose"]
[Result "1-0"]
[ECO "A13"]
[WhiteElo "2138"]
[BlackElo "1989"]
[Annotator "RC"]
[PlyCount "81"]
[EventDate "2019.04.13"]
[EventType "swiss"]
[EventCountry "URU"]
[SourceTitle "playchess.com"]
[Source "ChessBase"]
[SourceQuality "1"]
[TimeControl "40/5400+30:1800+30"]

1. c4 e6 2. Nc3 d5 3. cxd5 exd5 4. d4 h6 5. Nf3 Nf6 6. Bf4 Bd6 7. Bxd6 Qxd6 8. e3 O-O 9. Bd3 c6 10. Qc2 Re8 11. O-O Nbd7 12. Rab1 a5 13. a3 Qe7 14. Nd2 b5 15. a4 b4 16. Ne2 Ba6 17. Nb3 Bxd3 18. Qxd3 Ne4 19. Ng3 Nb6 20. Nxe4 Qxe4 21. Qxe4 Rxe4 22. Nc5 Re7 23. b3 Rc7 24. Rbc1 Kf8 25. Rc2 Nc8 26. Rfc1 Ne7 27. Nd3 Ra6 28. g4 Ke8 29. Kg2 f6 30. Nc5 Rb6 31. Ne6 Kd7 32. Nxc7 Kxc7 33. h4 Kd6 34. h5 Kd7 35. f3 Nc8 36. Kg3 Nd6 37. Kf4 Nf7 38. Rc5 Ra6 39. e4 Nd8 40. exd5 Kd6 41. Ke4 1-0

[Event "FIDE Zonal 2.5 Open 2019"]
[Site "Montevideo"]
[Date "2019.04.17"]
[Round "7.20"]
[White "Manteiga, Franco"]
[Black "Pichuaga, Juan Pablo"]
[Result "0-1"]
[ECO "D35"]
[WhiteElo "1684"]
[BlackElo "2021"]
[Annotator "NA RC"]
[PlyCount "82"]
[EventDate "2019.04.13"]
[EventType "swiss"]
[EventCountry "URU"]
[SourceTitle "playchess.com"]
[Source "ChessBase"]
[SourceQuality "1"]
[TimeControl "40/5400+30:1800+30"]

1. d4 d5 2. c4 e6 3. Nc3 Nf6 4. cxd5 exd5 5. Bg5 Be7 6. e3 c6 7. Bd3 O-O 8. Qc2 Nbd7 9. Nf3 Re8 10. O-O Ne4 11. Bf4 ({Better is} 11. Bxe4 $16 dxe4 12. Nxe4) 11... Nef6 {[%emt 0:02:27] D36: Queen's Gambit Declined: Exchange Variation: Main line (5 Bg5 c6 6 Qc2)} (11... Ndf6 12. Ne5 Nxc3 13. bxc3 c5 14. Rab1 g6 15. c4 Bd6 16. Bg5 Bxe5 17. dxe5 Rxe5 18. f4 Rxg5 19. fxg5 {1-0 (67) Margvelashvili,G (2530)-Aleskerov,F (2315) chess.com INT 2018}) 12. Nb5 Nf8 13. Nc7 Nh5 $146 ({Predecessor:} 13... Be6 14. Nxa8 Qxa8 15. h3 g6 16. a3 Qc8 17. b4 a6 18. Rab1 Ne4 19. Bxe4 dxe4 {1-0 (38) Gesser,B (2254)-Stojanovic,M (2199) Dresden 2008}) 14. Nxe8 Qxe8 15. a3 a5 16. Rfe1 g6 17. Qe2 Ne6 18. Bg3 Qf8 19. Bh4 Bd6 20. Bg3 Be7 21. Bh4 Bd6 22. Bg3 Be7 23. Nd2 Bd7 24. f4 Nxg3 25. hxg3 f5 26. Nf3 Ng7 27. Ne5 Be6 28. Kf2 Nh5 29. Rh1 Nf6 30. Rh3 Kg7 (30... Qg7 $16) 31. Rhh1 $2 ({Better is} 31. Rah1 $18) 31... h5 32. Qc2 Bd6 33. Rac1 Qe7 34. Qc3 a4 35. Qc2 Bc8 36. Bb5 $2 (36. Kf1 $16 {keeps the pressure on.}) 36... cxb5 37. Rhd1 Bd7 38. Qe2 Be8 39. Rc2 Ne4+ 40. Ke1 Nxg3 41. Qf2 Ne4 $19 0-1

[Event "FIDE Zonal 2.5 Open 2019"]
[Site "Montevideo"]
[Date "2019.04.17"]
[Round "7.21"]
[White "Dotta, Gian Franco"]
[Black "Pena Canapa, Alfredo"]
[Result "1-0"]
[ECO "C44"]
[WhiteElo "1959"]
[BlackElo "1811"]
[Annotator "NA RC"]
[PlyCount "71"]
[EventDate "2019.04.13"]
[EventType "swiss"]
[EventCountry "URU"]
[SourceTitle "playchess.com"]
[Source "ChessBase"]
[SourceQuality "1"]
[TimeControl "40/5400+30:1800+30"]

1. e4 e5 2. Nf3 Nc6 3. d4 exd4 4. Nxd4 Bb4+ 5. c3 Bc5 6. Be3 Bb6 7. Nf5 Bxe3 {[%emt 0:00:26] C45: Scotch Game} 8. Nxe3 Nf6 (8... d6 9. g3 Nge7 10. Bg2 O-O 11. O-O Kh8 12. Nd2 f5 13. f4 fxe4 14. Nxe4 Nf5 15. Re1 {1-0 (51) Matlakov,M (2700)-Postny,E (2615) St Petersburg 2018}) 9. Bd3 O-O 10. c4 d6 11. O-O Re8 12. Nc3 Nd7 $146 ({Predecessor:} 12... Nd4 13. f3 a6 14. Re1 c6 15. Bf1 {½-½ (33) Brizzi,M (2063)-Romero Barreto,J (2300) Buenos Aires 2018}) 13. Ned5 a6 14. f3 Nc5 15. Rc1 Ne5 16. Be2 c6 17. Ne3 Qf6 18. b4 Ne6 $1 19. Nf5 $2 (19. g3 $11) 19... Nf4 20. Nxd6 Rd8 21. c5 Qg5 22. g3 $1 Bh3 23. Re1 Ng2 (23... a5 $15 24. Qd2 {[%mdl 64] Pin} Nxe2+ 25. Qxe2 axb4) 24. Rf1 Ne3 25. Qd2 $1 Bxf1 26. Rxf1 Qh6 27. Re1 N3c4 $2 (27... b5 $11 {and Black has nothing to worry.}) 28. Qxh6 gxh6 29. Nxc4 $18 Nxc4 30. Bxc4 Rd2 31. Re2 Rad8 32. Kf2 R2d4 33. Bb3 Rxb4 34. Rb2 Kf8 35. Ke3 Rbd4 36. Nd5 1-0